 Dungeon Crawl Stone Soup version 0.32-a0-43-g058985b245 (webtiles) character file.

Game seed: 8873718220792537558

367 Ceno the Cudgeller (level 6, -1/45 (52) HPs)
             Began as an Armataur Warper on Feb 3, 2024.
             Was an Initiate of Ru.
             Slain by Maggie
             ... wielding a +1 halberd of draining
              (2 damage)
             ... on level 8 of the Dungeon.
             The game lasted 00:15:06 (4247 turns).

Ceno the Cudgeller (Armataur Warper)                Turns: 4247, Time: 00:15:06

HP:   -1/45 (52)    AC:  7    Str: 19    XL:     6   Next: 41%
MP:   8/8           EV:  9    Int: 13    God:    Ru [......]
Gold: 152           SH:  0    Dex:  9    Spells: 6/8 levels left

rFire   . . .        a - +0 mace
rCold   . . .        (no shield)
rNeg    . . .        b - +0 leather armour
rPois   .            q - +2 helmet
rElec   .            (no cloak)
rCorr   .            (no gloves)
SInv    .            (no barding)
Will    .....        (no amulet)
Stlth   +            (no ring)
HPRegen 0.27/turn    (no ring)
MPRegen 0.11/turn

%: roll
@: about to teleport, attractive, mesmerised, heavily drained
A: large, deformed body, tough skin 3, armoured tail, roll 1
a: Renounce Religion


You were on level 8 of the Dungeon.
You worshipped Ru.
Ru was noncommittal.
You visited 1 branch of the dungeon, and saw 6 of its levels.

You collected 152 gold pieces.

Inventory:

Hand Weapons
 a - a +0 mace (weapon)
Missiles
 d - 7 darts of dispersal
 f - 79 stones (quivered)
 j - 6 poisoned darts
 v - 2 throwing nets
Armour
 b - a +0 leather armour (worn)
 o - a +0 chain mail
 q - a +2 helmet (worn)
 s - a +0 tower shield
Scrolls
 g - a scroll of noise
 h - a scroll of immolation
 p - 4 scrolls of teleportation
 t - a scroll of amnesia {unknown}
 w - a scroll of vulnerability {unknown}
Potions
 i - 2 potions of mutation
 k - 2 potions of brilliance
 m - 2 potions of curing
 r - a potion of enlightenment


   Skills:
 + Level 3.9 Fighting
 * Level 5.2 Maces & Flails
 - Level 0.8 Throwing
 - Level 1.2 Armour
 - Level 1.3 Dodging
 - Level 1.7 Spellcasting
 - Level 3.0 Translocations


You had 6 spell levels left.
You knew the following spells:

 Your Spells              Type           Power      Damage    Failure   Level
a - Blink                 Tloc           16%        N/A       14%         2

Your spell library contained the following spells:

 Spells                   Type           Power      Damage    Failure   Level
 Lesser Beckoning         Tloc           16%        N/A       14%         2
 Teleport Other           Tloc           8%         N/A       26%         3
 Magic Dart               Conj           4%         1d3       30%         1
 Call Imp                 Summ           2%         N/A       43%         2
 Ensorcelled Hibernation  Hex/Ice        2%         N/A       43%         2
 Manifold Assault         Tloc           8%         N/A       65%         4
 Fugue of the Fallen      Necr           1%         N/A       67%         3
 Vhi's Electric Charge    Tloc/Air       10%        N/A       86%         4
 Anguish                  Hex/Necr       0%         N/A       97%         4
 Cause Fear               Hex            0%         N/A       97%         4
 Fireball                 Conj/Fire      0%         3d3       100%        5
 Dragon's Call            Summ           0%         N/A       100%        9


Dungeon Overview and Level Annotations

Branches:
Dungeon (5/15)
 Temple: D:4-7

Altars:
Elyvilon
Makhleb
Qazlal
Ru
Trog
Zin

Annotations:
D:2 Sigmund
D:3 Terence
D:8 Maggie


Innate Abilities, Weirdness & Mutations

Armour fits poorly on your strangely shaped body.
You have extremely tough skin. (AC +3)
You have a long armoured tail.
You regenerate magic when rolling toward enemies. (Rampage MPRegen)


Message History

Maggie barely misses you.
You see here a potion of mutation.
Maggie mumbles some strange words.
Maggie attempts to bespell you!
You easily resist.
Maggie points at you and mumbles some strange words.
The bolt of fire hits you!
Maggie points at you and mumbles some strange words.
The bolt of fire hits you!!
* * * LOW HITPOINT WARNING * * *
Maggie gestures wildly while chanting.
Maggie attempts to bespell you!
You are mesmerised by Maggie!
You cannot move away from Maggie!
You cannot move away from Maggie!
It was a potion of attraction.
You feel attractive to monsters. Maggie is attracted toward you.
It was a potion of heal wounds.
You feel much better. Maggie is attracted toward you.
You thump Maggie!
Maggie is lightly wounded.
Maggie hits you with a +1 halberd of draining!
You feel drained.
You hit Maggie but do no damage.
Maggie is lightly wounded.
Maggie hits you with a +1 halberd of draining!
You feel drained. Maggie closely misses you.
You hit Maggie.
Maggie is moderately wounded.
Maggie hits you with a +1 halberd of draining.
* * * LOW HITPOINT WARNING * * *
You feel drained.
* * * LOW HITPOINT WARNING * * *
Okay, then.
As you read the scroll of teleportation, it crumbles to dust.
You feel strangely unstable.
Maggie hits you with a +1 halberd of draining!
* * * LOW HITPOINT WARNING * * *
You feel drained.
You die...

*,#,#.#,,,,,,*#.# *,*,*,*
*,*,#.#,****,*#.# *******,*,*,*
*,*,#.#,*,,,,<#.# *,,,,,,,*,*,*
**,*,#.#,*,**,*#.# *,*******,*,*
,,,,,#.#,*,**,*#.#**,*******,*,*
##.###.#.#.##.*#.#,,,,,,,,,,,*,*
##.###.#.#.##.*#.#,*,,********,*
##.###.#.#.##.*#@#,*,,,,,,,,,,,*
##.###.#....#.*#@#,*,,,*********
##.###.###..#.*#.#,*,*,*
##o###.#.#..#.,...,*,*,*
##.###.#.#######.##*,*,*
##o###.#......,..# *,*,*
##.###.#.#####*###**,*,*
o.?###.#.#####*,,,,,,*,*
######.#......,,******,*
######.#######*** *,*


You could see Maggie (mesmerising).

Vanquished Creatures
  A phantom (D:3)
  A jelly (D:5)
  Natasha (twice) (D:3)
  Robin (D:2)
  7 gnolls
  3 adders
  3 ribbon worms
  An orc (D:3)
  9 ball pythons
  7 bats
  8 endoplasms
  3 giant cockroaches
  13 goblins
  12 hobgoblins
  5 jackals
  4 quokkas
  8 frilled lizards
  4 kobolds
  12 rats
104 creatures vanquished.

Notes
Turn   | Place    | Note
-------+----------+-------------------------------------------
     0 | D:1      | Ceno the Armataur Warper began the quest for the Orb.
     0 | D:1      | Reached XP level 1. HP: 17/17 MP: 3/3
   104 | D:1      | Reached skill level 2 in Maces & Flails
   171 | D:1      | Reached XP level 2. HP: 22/24 MP: 4/4
   176 | D:1      | Learned a level 2 spell: Blink
   763 | D:1      | Reached XP level 3. HP: 29/29 MP: 5/5
   782 | D:1      | Found a faded altar of an unknown god.
  1124 | D:2      | Reached skill level 3 in Maces & Flails
  1470 | D:2      | Noticed Robin
  1568 | D:1      | Reached XP level 4. HP: 4/37 MP: 6/6
  1825 | D:2      | Killed Robin
  1936 | D:2      | Noticed Sigmund
  2245 | D:3      | Noticed Natasha
  2259 | D:3      | Killed Natasha
  2280 | D:3      | Noticed Natasha
  2282 | D:3      | Killed Natasha
  2283 | D:3      | Reached skill level 4 in Maces & Flails
  2283 | D:3      | Reached XP level 5. HP: 31/45 MP: 7/7
  2391 | D:3      | Noticed Terence
  2934 | D:3      | Found a glowing silver altar of Zin.
  2934 | D:3      | Found a burning altar of Makhleb.
  2934 | D:3      | Found a sacrificial altar of Ru.
  2934 | D:3      | Found a white marble altar of Elyvilon.
  2962 | D:3      | Became a worshipper of Ru the Awakened
  3213 | D:4      | Noticed a phantom
  3457 | D:3      | Killed a phantom
  3548 | D:4      | Found a bloodstained altar of Trog.
  3638 | D:3      | Reached XP level 6. HP: 15/51 MP: 8/8
  4052 | D:5      | Entered Level 5 of the Dungeon
  4052 | D:5      | Noticed a fire elemental
  4052 | D:5      | Found a stormy altar of Qazlal.
  4121 | D:4      | Reached skill level 5 in Maces & Flails
  4209 | D:5      | You fall into a shaft and drop 3 floors!
  4210 | D:8      | Noticed an orc warrior
  4224 | D:8      | Noticed Maggie
  4247 | D:8      | HP: 1/46 [Maggie/+1 halberd of draining (11)]
  4247 | D:8      | Slain by Maggie

Illustrated notes

Levels and vault maps discovered:
D:1:      co_arrival_square_in_a_square_in_a_square, layout_basic,
          shapermc_ecumenical_altar_mp_vishouse, nicolae_houndstooth_variations
D:2:      layout_basic, minmay_misc_feat_chi, minmay_misc_feat_four_crosses,
          uniq_sigmund, uniq_robin
D:3:      layout_basic, chequers_temple_overflow_statue_of_worship,
          minivault_14, uniq_terence, uniq_natasha
D:4:      layout_rooms, trog_hazing_becter, kennysheep_generic_room_6
D:5:      layout_rooms, nicolae_qazlal_style_of_elements,
          minmay_temple_entry_waves, portal_sewer_entry_c,
          hangedman_decor_peaks_small, minivault_27, uniq_duvessa
D:8:      layout_basic, serial_shops, shop, ebering_ghost_rock_garden,
          uniq_maggie, uniq_jeremiah

Skill      XL: |  1  2  3  4  5  6 |
---------------+-------------------+-----
Maces & Flails | 2 3 4 5 |  5.2
Fighting       | 2 3 |  3.9
Throwing       | |  0.8
Armour         | |  1.2
Dodging        | |  1.3
Spellcasting   | |  1.7
Translocations | |  3.0

Action                     |  1- 3 |  4- 6 || total
---------------------------+-------+-------++-------
  Melee: Mace              |   137 |   232 ||   369
         Tailslap          |     9 |    31 ||    40
         Punch             |     1 |     2 ||     3
  Throw: Dart              |       |     4 ||     4
   Cast: Blink             |     2 |     2 ||     4
    Use: Scroll            |       |     9 ||     9
         Potion            |       |     5 ||     5
 Armour: Leather armour    |   107 |   181 ||   288
  Dodge: Dodged            |    69 |   134 ||   203

Table legend: (Time is in decaauts)
 A = Elapsed time spent in this place.
 B = Non-inter-level travel time spent in this place.
 C = Inter-level travel time spent in this place.
 D = Time resting spent in this place.
 E = Time spent auto-exploring this place.
 F = Levels seen in this place.
 G = Mean time per level.
                   A        B        C        D        E       F      G
               +--------+--------+--------+--------+--------+-----+--------+
         Total |   4335 |   4035 |    300 |    512 |   1532 |   6 |  722.5 |
       Dungeon |   4335 |   4035 |    300 |    512 |   1532 |   6 |  722.5 |
               +--------+--------+--------+--------+--------+-----+--------+

Top non-repeatable levels by time:
     D:1: 1453 daAuts
     D:2: 1053 daAuts
     D:4: 917 daAuts
     D:3: 811 daAuts
     D:5: 63 daAuts
     D:8: 38 daAuts
